 Dungeon Crawl Stone Soup version 0.26.1-2-gb8aa6d0cf2 (webtiles) character file.

Game seed: 8445482456266407862

39 Almogavar the Skirmisher (level 3, -14/32 (33) HPs)
             Began as a Hill Orc Fighter on Mar 23, 2021.
             Killed by an exploding a goblin (46 damage)
             ... exploding inner flame
             ... on level 3 of the Dungeon.
             The game lasted 00:03:25 (1520 turns).

Almogavar the Skirmisher (Hill Orc Fighter)         Turns: 1520, Time: 00:03:25

HP:   -14/32 (33)   AC:  8    Str: 19    XL:     3   Next: 45%
MP:   12/12         EV:  7    Int:  8    God:
Gold: 101           SH:  9    Dex: 10    Spells: 2/2 levels left

rFire    . . .     SeeInvis .   a - +0 war axe
rCold    . . .     Faith    .   c - +0 kite shield
rNeg     . . .     Spirit   .   b - +0 scale mail
rPois    .         Reflect  .   k - +0 helmet
rElec    .         Harm     .   (no cloak)
rCorr    .         Rampage  .   (no gloves)
Will     .....                  (no boots)
Stlth    ..........             j - amulet of the acrobat
HPRegen  0.10/turn              m - ring of magical power
MPRegen  0.13/turn              (no ring)

@: lightly drained
A: blurry vision 1, wild magic 1
a: no special abilities


You were on level 3 of the Dungeon.
You visited 1 branch of the dungeon, and saw 3 of its levels.

You collected 101 gold pieces.

Inventory:

Hand Weapons
 a - a +0 war axe (weapon)
Armour
 b - a +0 scale mail (worn)
 c - a +0 kite shield (worn)
 k - a +0 helmet (worn)
Jewellery
 j - an amulet of the acrobat (around neck)
 m - a ring of magical power (left hand)
Scrolls
 e - a scroll of remove curse
 f - 2 scrolls of fog
 g - a scroll of enchant armour
 h - a scroll of immolation
 n - a scroll of amnesia
Potions
 d - a potion of might
 i - 2 potions of haste {unknown}
 l - a potion of heal wounds
 o - a potion of attraction {unknown}


   Skills:
 + Level 4.0 Fighting
 + Level 3.6 Axes
 + Level 3.7 Armour
 + Level 3.6 Shields


You had 2 spell levels left.
You didn't know any spells.
Your spell library was empty.

Dungeon Overview and Level Annotations

Branches:
Dungeon (3/15)

Altars:


Innate Abilities, Weirdness & Mutations

Scrolls take you a little longer to read.
Your spells are a little harder to cast, but a little more powerful.


Message History

You begin reading the scroll.
You continue reading the scroll.
The goblin unwields a +0 dagger.
The goblin wields a +0 hunting sling.
The goblin shoots a stone.
You block the stone.
As you read the scroll labelled BULEAG ROTAUD, it crumbles to dust.
The creatures around you are filled with an inner flame!
It was a scroll of immolation.
The goblin shoots a stone.
The stone misses you.
You see here a stone.
The goblin shoots a stone.
The stone completely misses you.
You see here a stone.
The goblin shoots a stone.
The stone closely misses you.
The goblin unwields a +0 hunting sling.
The goblin wields a +0 dagger.
You block the goblin's attack.
You barely miss the goblin. You block the goblin's attack. x2
You closely miss the goblin. The goblin hits you but does no damage.
You slash the goblin!
The goblin explodes!
The fiery explosion engulfs you!!!
Ouch! That really hurt!
You die...

## ... #
#...#. #
#...#. .#
#.....###§#
.......§§§#
#....@#
#...###.# .
###.####
#.((...#
#.#(##.####
#.#<.......
. #.######)
.. #.# ##
#.#


There were no monsters in sight!

Vanquished Creatures
  2 adders (D:2)
  A giant cockroach (D:1)
  7 goblins
  3 hobgoblins (D:1)
  5 bats
  A kobold (D:1)
  5 rats (D:1)
24 creatures vanquished.

Notes
Turn   | Place    | Note
-------+----------+-------------------------------------------
     0 | D:1      | Almogavar the Hill Orc Fighter began the quest for the Orb.
     0 | D:1      | Reached XP level 1. HP: 19/19 MP: 1/1
   130 | D:1      | Reached XP level 2. HP: 24/27 MP: 2/2
   476 | D:1      | Reached skill level 4 in Fighting
   784 | D:2      | Reached XP level 3. HP: 28/31 MP: 3/3
  1123 | D:2      | Gained mutation: Scrolls take you a little longer to read.
                  | [potion of mutation]
  1123 | D:2      | Gained mutation: Your spells are a little harder to cast,
                  | but a little more powerful. [potion of mutation]
  1520 | D:3      | Killed by an exploding a goblin... exploding inner flame

Illustrated notes

Levels and vault maps discovered:
D:1:      denvon_arrival_waterhouse, layout_rooms
D:2:      layout_loops_ring
D:3:      layout_basic, portal_sewer_entry_a,
          chequers_ecumenical_altar_simple_redux, serial_bayou_pond_d

Skill      XL: |  1  2 |
---------------+-------+-----
Axes           | 3 |  3.6
Fighting       | 4 |  4.0
Armour         | |  3.7
Shields        | |  3.6

Action                   || total
-------------------------++-------
Melee: War axe           ||    74
  Use: Scroll            ||     8
       Potion            ||     1
Armor: Scale mail        ||    32
Dodge: Dodged            ||    23
Block: Kite shield       ||    47
